 Seeded DCSS version 0.28.0-62-gf88900778d (webtiles) character file.

Game seed: 7721106751639504098 (custom seed)

391394 cbfl8 the Executioner (level 23, 0/228 (229) HPs)
             Began as a Hill Orc Berserker on July 3, 2023.
             Was the Champion of Trog.
             Slain by a tengu reaver
             ... wielding a +0 bardiche
              (11 damage)
             ... on level 5 of the Vaults.
             The game lasted 01:50:26 (85260 turns).

cbfl8 the Executioner (Hill Orc Berserker)         Turns: 85260, Time: 01:50:27

HP:   0/228 (229)   AC: 27    Str: 27    XL:     23   Next: 10%
MP:   23/23         EV: 19    Int: 12    God:    Trog [******]
Gold: 5538          SH: 38    Dex: 30    Spells: 22/22 levels left

rFire   + + +      SeeInvis .   l - +9 broad axe (protect)
rCold   + + .      Faith    .   O - +6 tower shield
rNeg    + . .      Spirit   .   G - +7 chain mail of the Untouchables {Int+5}
rPois   +          Reflect  +   h - -2 hat of the Alchemist {rElec rPois rF+ rC+ rN+ Will+ rMut rCorr}
rElec   +          Harm     .   s - +2 cloak {Stlth+}
rCorr   +          Rampage  .   P - +2 pair of gloves {Stlth+}
rMut    +                       W - +1 pair of boots of Izaaxos {rC+ Will+ rCorr}
Will    +++..                   b - amulet of reflection
Stlth   +++++.....              o - ring of Hutzirch {+Blink rElec Dex+6}
HPRegen 0.48/turn               F - ring "Zoutz" {rF+ rCorr Str+2 Dex+6}
MPRegen 0.18/turn

@: about to teleport, lightly drained
A: fire resistance 1, strong 1, wild magic 1
}: 2/15 runes: decaying, gossamer
a: Renounce Religion, Evoke Blink, Berserk, Trog's Hand, Brothers in Arms


You were on level 5 of the Vaults.
You worshipped Trog.
Trog was exalted by your worship.
You visited 7 branches of the dungeon, and saw 39 of its levels.
You also visited: Trove, Bailey, Gauntlet, Ice Cave and Wizlab.

You collected 6098 gold pieces.
You spent 560 gold pieces at shops.

Inventory:

Hand Weapons
 l - a +9 broad axe of protection (weapon)
 K - a +6 antimagic war axe
Armour
 h - the -2 hat of the Alchemist (worn) {rElec rPois rF+ rC+ rN+ Will+ rMut rCorr}
   (You found it on level 6 of the Lair of Beasts)

   rF:        It protects you from fire.
   rC:        It protects you from cold.
   rElec:     It insulates you from electricity.
   rPois:     It protects you from poison.
   rN:        It protects you from negative energy.
   rCorr:     It protects you from acid and corrosion.
   rMut:      It protects you from mutation.
   Will:      It increases your willpower.
 s - a +2 cloak of stealth (worn)
 G - the +7 chain mail of the Untouchables (worn) {Int+5}
   (You found it on level 6 of the Lair of Beasts)

   Int:       It affects your intelligence (+5).
 O - a +6 tower shield (worn)
 P - a +2 pair of gloves of stealth (worn)
 W - the +1 pair of boots of Izaaxos (worn) {rC+ Will+ rCorr}
   (You found it in a treasure trove)

   rC:        It protects you from cold.
   rCorr:     It protects you from acid and corrosion.
   Will:      It increases your willpower.
Jewellery
 b - an amulet of reflection (around neck)
 o - the ring of Hutzirch (left hand) {+Blink rElec Dex+6}
   (You found it on level 4 of the Dungeon)

   [ring of dexterity]

   Dex:       It affects your dexterity (+6).
   rElec:     It insulates you from electricity.
   +Blink:    It lets you blink.
 F - the ring "Zoutz" (right hand) {rF+ rCorr Str+2 Dex+6}
   (You found it in a Gauntlet)

   [ring of dexterity]

   Str:       It affects your strength (+2).
   Dex:       It affects your dexterity (+6).
   rF:        It protects you from fire.
   rCorr:     It protects you from acid and corrosion.
 I - a ring of flight
Wands
 c - a wand of iceblast (30)
 i - a wand of digging (35) (quivered)
 r - a wand of flame (48)
 v - a wand of polymorph (17)
 M - a wand of paralysis (6)
 N - a wand of charming (2)
Scrolls
 j - a scroll of brand weapon
 k - 5 scrolls of fog
 p - 7 scrolls of teleportation
 u - 23 scrolls of identify
 w - 5 scrolls of fear
 z - 2 scrolls of blinking
 C - 2 scrolls of noise
 D - 2 scrolls of holy word
Potions
 f - 5 potions of invisibility
 g - 3 potions of cancellation
 m - 6 potions of mutation
 n - 6 potions of berserk rage
 q - 4 potions of resistance
 x - 9 potions of haste
 A - 4 potions of flight
 J - 8 potions of ambrosia
 L - 2 potions of might
Miscellaneous
 e - a tin of tremorstones (2/2)
 B - a phantom mirror
 Q - a condenser vane
 R - a lightning rod (4/4)
 T - a box of beasts
 V - a phial of floods


   Skills:
 + Level 24.2 Fighting
 * Level 25.0 Axes
 + Level 13.7 Armour
 * Level 11.8 Dodging
 * Level 12.2 Stealth
 * Level 21.9 Shields
 + Level 13.6 Evocations


You had 22 spell levels left.
You didn't know any spells.
Your spell library was empty.

Dungeon Overview and Level Annotations

Branches:
Dungeon (15/15)            Temple (0/1) D:5            Lair (6/6) D:8
  Swamp (4/4) Lair:2       Spider (4/4) Lair:3        Slime (0/5) Lair:5
    Orc (2/2) D:11            Elf (3/3) Orc:2        Vaults (5/5) D:13
  Crypt (0/3) Vaults:2     Depths (0/4) D:15         Bailey (visited)
  IceCv (visited)          WizLab (visited)         Gauntlet (visited)

Altars:
Ashenzari
Dithmenos
Elyvilon
Gozag
Okawaru
Qazlal
Ru
Sif Muna
Vehumet
Yredelemnul
Zin
The Shining One
Beogh
Jiyva

Shops:
Orc:2 :*[:(   Elf:1 [   Elf:3 ?


Innate Abilities, Weirdness & Mutations

Your flesh is heat resistant. (rF+)
Your muscles are strong. (Str +2)
Your spells are a little harder to cast, but a little more powerful.


Message History

You block the iron dragon's attack. The iron dragon misses you.
The ghostly deep elf death mage gestures at you while chanting.
The bolt of negative energy misses you. The sphinx hits you!
* * * LOW HITPOINT WARNING * * *
You block the sphinx's attack. The sphinx hits you but does no damage.
The sphinx casts a spell.
You resist with almost no effort.
As you read the scroll of teleportation, it crumbles to dust.
You feel strangely unstable.
You recover from your berserk rage.
You block the tengu reaver's attack. You block the iron dragon's attack. x2
The iron dragon tramples you but does no damage.
The sphinx hits you but does no damage. The sphinx misses you.
The sphinx closely misses you.
The ghostly deep elf death mage barely misses you.
You block the sphinx's attack. The sphinx misses you.
The sphinx hits you but does no damage.
You feel better.
The tengu reaver hits you from afar with a +0 bardiche.
* * * LOW HITPOINT WARNING * * *
The sphinx casts a spell.
You resist with almost no effort. The sphinx completely misses you.
You block the sphinx's attack. The sphinx closely misses you.
You block the ghostly deep elf death mage's attack.
The iron dragon breathes metal splinters at you.
The spray of metal splinters hits you!!!
* * * LOW HITPOINT WARNING * * *
You feel better. You block the tengu reaver's attack.
The sphinx mumbles some strange words.
Something smites you!
* * * LOW HITPOINT WARNING * * *
You block the sphinx's attack. x2; The sphinx completely misses you.
The ghostly deep elf death mage beckons forth a restless soul!
You feel better. You block the iron dragon's attack. x2
The iron dragon tramples you but does no damage.
The sphinx casts a spell.
Something smites you!
* * * LOW HITPOINT WARNING * * *
The tengu reaver hits you from afar with a +0 bardiche!
You die...

..#......
..#..#####...#
.# ..#..# #...#
..# ..# .'
#...##'# ..#. #.
#.......
#..#####......
#..........#####
#...).)....#.eH#
#....).....'QH@#
#..........#CD*#
#..........#####
#..#####......
#. #....... #
#...#### #...#
#...#


You could see an iron dragon (catching breath), 2 sphinxes, a stone giant, a
tengu reaver, a ghostly deep elf death mage and a lost soul (summoned).

Vanquished Creatures
  Mara (Spider:4)
  Sojobo (Vaults:2)
  Margery (Vaults:3)
  Jory (Vaults:3)
  Arachne (Spider:3)
  Nikola (Vaults:3)
  2 tentacled monstrosities
  2 deep elf blademasters (Elf:3)
  A titan (Vaults:4)
  2 deep elf master archers (Elf:3)
  A quicksilver dragon (Vaults:5)
  2 sphinxes (Vaults:4)
  Gastronok (Lair:2)
  The ghost of cbfl8 the Warrior, an adept MiBe of Trog (Swamp:3)
  Frances (Swamp:2)
  Roxanne (Swamp:4)
  3 tengu reavers
  Donald (Spider:4)
  A shadow dragon (Vaults:5)
  A fenstrider witch (Swamp:1)
  A fire giant (Vaults:1)
  A frost giant (Vaults:3)
  A deep elf sorcerer (Elf:3)
  A balrug (WizLab)
  6 vault wardens
  Aizul (Swamp:4)
  Louise (Swamp:2)
  6 ghost moths
  4 broodmothers
  8 emperor scorpions
  A war gargoyle (Vaults:4)
  4 deep elf elementalists (Elf:3)
  8 ghouls
  15 ironbound preservers
  A very ugly thing (D:15)
  2 stone giants
  A vampire knight (Vaults:2)
  4 ironbound thunderhulks
  2 deep elf demonologists (Elf:3)
  2 green draconians (Swamp:2)
  16 dire elephants
  3 bunyips
  8 deep elf annihilators (Elf:3)
  7 spark wasps
  A minotaur (Gauntlet)
  3 eleionomae
  6 entropy weavers
  6 deep elf death magi
  A blizzard demon (Gauntlet)
  A shambling mangrove (Swamp:3)
  Harold (Lair:1)
  A great orb of eyes (D:15)
  31 hydras
  3 deep elf high priests (Elf:3)
  8 yaktaur captains
  8 boulder beetles
  An ogre mage (Vaults:4)
  2 ironbound frosthearts (Vaults:2)
  A jorogumo (Spider:4)
  A spriggan air mage (Swamp:4)
  29 vault guards
  2 catoblepae
  A death knight (D:14)
  An anaconda (shapeshifter) (Vaults:4)
  3 radroaches
  7 centaur warriors
  13 alligators
  3 ghost crabs
  16 dancing weapons
  5 two-headed ogres
  2 tengu warriors (D:14)
  8 death yaks (Lair:6)
  Urug (D:10)
  3 hell knights (Vaults:3)
  A soul eater (WizLab)
  7 spriggans
  3 orc high priests
  Sonja (D:11)
  22 deep elf knights
  A sun demon (WizLab)
  2 sun moths
  7 pharaoh ants
  57 deep trolls
  A death drake (Swamp:1)
  8 goliath frogs
  9 spriggan druids
  8 orb spiders
  11 swamp dragons
  14 deep elf archers
  17 bog bodies
  9 ironbound convokers
  11 wizards
  6 steelbarb worms
  2 necromancers
  5 lindwurms
  30 deep elf pyromancers
  9 orc knights
  4 phantasmal warriors
  4 harpies (Vaults:1)
  34 deep elf zephyrmancers
  7 orc sorcerers
  35 wolf spiders
  7 will-o-the-wisps
  3 manticores
  38 ugly things
  A moth of wrath (Spider:4)
  A worldbinder (Gauntlet)
  23 slime creatures
  4 cyclopes
  9 spectral spriggans (Swamp:2)
  7 torpor snails
  An ice statue (IceCv)
  20 cane toads
  6 elephants
  7 black mambas
  A smoke demon (Vaults:4)
  4 gargoyles
  14 vault sentinels
  A cane toad (shapeshifter) (D:15)
  An unseen horror (D:10)
  5 komodo dragons
  15 yaktaurs
  2 demonic crawlers
  An anaconda simulacrum (IceCv)
  5 kobold demonologists
  4 rime drakes
  7 freezing wraiths
  An ice devil (Gauntlet)
  A tormentor (WizLab)
  An efreet (D:10)
  An entropy weaver simulacrum (IceCv)
  A yaktaur skeleton (Vaults:1)
  A polar bear (shapeshifter) (D:14)
  A queen bee (Lair:2)
  10 trolls
  2 bloated husks (Swamp:2)
  12 tyrant leeches
  2 polar bears
  18 meliai
  14 hornets
  34 tarantellas
  A dream sheep (shapeshifter) (Vaults:5)
  18 blink frogs
  A slime creature (shapeshifter) (Vaults:4)
  10 dream sheep
  A jumping spider (shapeshifter) (Elf:1)
  6 water elementals
  4 air elementals
  38 jumping spiders
  32 culicivoras
  3 wraiths
  A spriggan (shapeshifter) (D:13)
  3 wyverns
  44 yaks
  3 steam dragons
  5 fire elementals
  66 redbacks
  4 basilisks
  3 fire bats (Lair:6)
  16 vampire mosquitoes
  Eustachio (D:5)
  Grum (D:10)
  2 yaktaur simulacra (Vaults:1)
  A death yak simulacrum (IceCv)
  23 swamp worms
  3 wargs
  An acid dragon (D:10)
  2 harpy simulacra (IceCv)
  Duvessa (D:7)
  10 water moccasins
  Edmund (D:6)
  A floating eye (shapeshifter) (Elf:2)
  11 swamp drakes
  Pargi (D:3)
  45 orc warriors
  An ice beast (D:6)
  A sky beast (D:5)
  A black bear (D:4)
  2 boggarts (Gauntlet)
  7 ogres
  A necrophage (D:8)
  9 centaurs
  A phantom (D:6)
  38 wolves
  Blork the orc (D:5)
  4 kobold brigands
  12 bullfrogs
  6 two-headed ogre simulacra (IceCv)
  13 human skeletons
  4 scorpions
  8 earth elementals
  2 cane toad simulacra (IceCv)
  Dowan (D:7)
  A water moccasin skeleton (D:6)
  4 wights (D:9)
  3 elephant simulacra (IceCv)
  34 killer bees
  6 electric eels
  5 howler monkeys
  A lava snake (Lair:6)
  4 centaur zombies
  31 orc priests
  3 hounds
  Crazy Yiuf (D:6)
  A centaur skeleton (D:5)
  3 jellies
  Jessica (D:3)
  Ijyb (D:3)
  An iguana (D:5)
  31 orc wizards
  6 troll simulacra (IceCv)
  4 polar bear simulacra (IceCv)
  3 spriggan simulacra (IceCv)
  5 wolf simulacra (IceCv)
  A killer bee zombie (D:9)
  A howler monkey zombie (D:9)
  Robin (D:3)
  3 gnolls (Bailey)
  7 adders
  5 naga simulacra (IceCv)
  A shadow imp (D:7)
  8 white imps
  7 ufetubi (IceCv)
  An adder skeleton (D:4)
  120 orcs
  8 endoplasms
  5 giant cockroaches
  18 goblins
  24 hobgoblins
  11 ball pythons
  6 bats
  4 frilled lizards
  17 kobolds
  6 rats
1788 creatures vanquished.

Vanquished Creatures (collateral kills)
  A ynoxinul (WizLab)
1 creature vanquished.

Vanquished Creatures (others)
  A deep elf knight (Elf:3)
  2 deep elf zephyrmancers
  2 deep elf pyromancers
  A moth of wrath (Swamp:4)
  A tyrant leech (Swamp:3)
  4 bloated husks
  A water elemental (Elf:2)
  A redback (Spider:1)
  A swamp worm (Swamp:3)
  A swamp drake (Swamp:1)
  An orc warrior (Vaults:5)
  An orc wizard (D:7)
  A bush (Lair:6)
  A fire vortex (Lair:6)
  22 foxfires
  37 fungi
  87 plants
165 creatures vanquished.

Grand Total: 1954 creatures vanquished

Notes
Turn   | Place    | Note
-------+----------+-------------------------------------------
     0 | D:1      | cbfl8 the Hill Orc Berserker began the quest for the Orb.
     0 | D:1      | Reached XP level 1. HP: 19/19 MP: 1/1
   538 | D:1      | Reached XP level 2. HP: 23/27 MP: 2/2
  1588 | D:2      | Reached XP level 3. HP: 33/33 MP: 3/3
  2220 | D:3      | Reached skill level 1 in Evocations
  2244 | D:3      | Noticed Ijyb
  2259 | D:3      | Killed Ijyb
  2260 | D:3      | Reached skill level 5 in Axes
  2260 | D:3      | Reached XP level 4. HP: 22/40 MP: 4/4
  2510 | D:3      | Reached ** piety under Trog
  2767 | D:3      | Noticed Jessica
  2772 | D:3      | Killed Jessica
  2819 | D:3      | Noticed Pargi
  2836 | D:3      | Killed Pargi
  2837 | D:3      | Reached XP level 5. HP: 47/47 MP: 5/5
  3226 | D:3      | Found a faded altar of an unknown god.
  3235 | D:3      | Reached XP level 6. HP: 49/53 MP: 6/6
  3236 | D:3      | Noticed Robin
  3249 | D:3      | Killed Robin
  3868 | D:4      | Reached skill level 6 in Axes
  3873 | D:4      | Noticed a black bear
  3881 | D:4      | Killed a black bear
  3956 | D:4      | Found a shadowy altar of Dithmenos.
  4063 | D:4      | Found an opulent altar of Gozag.
  4245 | D:4      | Identified the ring of Hutzirch {+Blink rElec Dex+6}
  4253 | D:4      | Found a basalt altar of Yredelemnul.
  4401 | D:4      | Found a stormy altar of Qazlal.
  4603 | D:5      | Entered Level 5 of the Dungeon
  4700 | D:5      | Noticed a sky beast
  4709 | D:5      | Killed a sky beast
  4710 | D:5      | Reached XP level 7. HP: 60/60 MP: 7/7
  4798 | D:5      | Noticed a wyvern
  4809 | D:5      | Killed a wyvern
  4810 | D:5      | Reached skill level 7 in Axes
  5348 | D:5      | Found a staircase to the Ecumenical Temple.
  5366 | D:5      | Reached skill level 1 in Stealth
  5380 | D:5      | Reached skill level 5 in Fighting
  5380 | D:5      | Reached XP level 8. HP: 19/68 MP: 8/8
  6176 | D:5      | Reached skill level 5 in Armour
  6495 | D:5      | Noticed Eustachio
  6496 | D:5      | Noticed Blork the orc
  6506 | D:5      | Killed Eustachio
  6507 | D:5      | Reached skill level 8 in Axes
  6510 | D:5      | Killed Blork the orc
  6520 | D:5      | Found a shimmering blue altar of Sif Muna.
  6630 | D:6      | Found an iron altar of Okawaru.
  6929 | D:6      | Noticed Edmund
  6942 | D:6      | Killed Edmund
  7595 | D:6      | Reached skill level 9 in Axes
  7658 | D:6      | Reached XP level 9. HP: 74/75 MP: 9/9
  7660 | D:6      | Reached *** piety under Trog
  8190 | D:6      | Found a runed translucent door.
  8191 | D:6      | Noticed Crazy Yiuf
  8402 | D:6      | Killed Crazy Yiuf
  8513 | D:7      | Found a flagged portal.
  8513 | D:7      | Noticed Dowan
  8515 | D:7      | Noticed Duvessa
  8526 | D:7      | Killed Duvessa
  8527 | D:7      | Reached skill level 10 in Axes
  8545 | D:7      | Killed Dowan
  8558 | Bailey   | Entered a bailey
  9356 | Bailey   | Noticed an orc knight
  9379 | Bailey   | Killed an orc knight
  9380 | Bailey   | Reached skill level 11 in Axes
  9764 | Bailey   | Noticed an orc high priest
  9776 | Bailey   | Killed an orc high priest
  9777 | Bailey   | Reached skill level 12 in Axes
  9777 | Bailey   | Reached XP level 10. HP: 86/86 MP: 10/10
 10380 | Bailey   | Acquired a manual of Fighting
 10382 | Bailey   | Acquired 851 gold pieces
 10384 | Bailey   | Acquired a manual of Shields
 10399 | Bailey   | Found an iron altar of Okawaru.
 10399 | Bailey   | Noticed an orc knight
 10399 | Bailey   | Noticed a kobold demonologist
 10409 | Bailey   | Killed an orc knight
 10410 | Bailey   | Reached skill level 1 in Shields
 10421 | Bailey   | Killed a kobold demonologist
 10422 | Bailey   | Reached skill level 5 in Evocations
 10951 | D:7      | Found a glowing silver altar of Zin.
 10952 | D:7      | Found a glowing golden altar of the Shining One.
 10953 | D:7      | Found a white marble altar of Elyvilon.
 11973 | D:8      | Reached skill level 13 in Axes
 12125 | D:8      | Identified the +1 arbalest of Embarrassment {flame, Fragile
                  | rC+++ Int+5 Dex-2 SInv}
 12490 | D:8      | Reached XP level 11. HP: 97/97 MP: 11/11
 12609 | D:8      | Found a staircase to the Lair.
 12678 | D:8      | Noticed a manticore
 12687 | D:8      | Killed a manticore
 12896 | D:8      | Reached skill level 10 in Fighting
 13316 | D:8      | Reached skill level 14 in Axes
 13319 | D:8      | Reached **** piety under Trog
 13332 | D:8      | Found a roughly hewn altar of Beogh.
 13870 | D:9      | Found a sacrificial altar of Ru.
 13870 | D:9      | Found a broken altar of Ashenzari.
 13871 | D:9      | Found a radiant altar of Vehumet.
 14725 | D:10     | Entered Level 10 of the Dungeon
 14757 | D:10     | Reached skill level 5 in Dodging
 15261 | D:10     | Noticed a two-headed ogre
 15282 | D:10     | Killed a two-headed ogre
 15567 | D:10     | Noticed Grum
 15568 | D:10     | Noticed a two-headed ogre
 15580 | D:10     | Reached skill level 5 in Shields
 15586 | D:10     | Killed a two-headed ogre
 15586 | D:10     | Reached ***** piety under Trog
 15592 | D:10     | Killed Grum
 15950 | D:10     | Reached skill level 15 in Axes
 16186 | D:10     | Noticed Urug
 16193 | D:10     | Killed Urug
 17116 | D:10     | Noticed a two-headed ogre
 17121 | D:10     | Noticed an orc knight
 17123 | D:10     | Reached XP level 12. HP: 110/110 MP: 12/12
 17133 | D:10     | Killed a two-headed ogre
 17134 | D:10     | Reached skill level 5 in Stealth
 17134 | D:10     | Noticed a centaur warrior
 17144 | D:10     | Noticed a stone giant
 17145 | D:10     | HP: 2/111 [centaur warrior/arrow (8)]
 17164 | D:10     | Noticed a two-headed ogre
 17695 | D:10     | Killed a two-headed ogre
 18165 | D:10     | Killed a centaur warrior
 18534 | D:10     | Killed a stone giant
 20071 | D:11     | Reached skill level 16 in Axes
 20093 | D:11     | Noticed Sonja
 20096 | D:11     | Killed Sonja
 20372 | D:11     | Found a staircase to the Orcish Mines.
 21317 | D:12     | Noticed a centaur warrior
 21328 | D:12     | Killed a centaur warrior
 21329 | D:12     | Reached XP level 13. HP: 73/123 MP: 13/13
 22293 | D:12     | Received a gift from Trog
 22432 | D:13     | Found a frozen archway.
 22482 | D:13     | Found a gate leading to a gauntlet.
 22493 | Gauntlet | Entered a Gauntlet
 22493 | Gauntlet | Found a transporter.
 22493 | Gauntlet | Found a transporter.
 22493 | Gauntlet | Found a transporter.
 22505 | Gauntlet | Found a transporter.
 22620 | Gauntlet | Found a transporter.
 22640 | Gauntlet | Found a transporter.
 22649 | Gauntlet | Noticed a blizzard demon
 22709 | Gauntlet | Killed a blizzard demon
 22711 | Gauntlet | Found a transporter.
 22721 | Gauntlet | Identified the ring "Zoutz" {rF+ rCorr Str+2 Dex+6}
 22763 | Gauntlet | Found a transporter.
 22775 | Gauntlet | Noticed a minotaur
 22791 | Gauntlet | Killed a minotaur
 22792 | Gauntlet | Reached skill level 15 in Fighting
 22850 | IceCv    | Entered an ice cave
 24291 | IceCv    | Reached skill level 17 in Axes
 25803 | IceCv    | Found the +7 great mace "Undeadhunter" {disrupt, rN+}
 25864 | D:13     | Found a gate to the Vaults.
 27764 | D:13     | Reached XP level 14. HP: 98/137 MP: 14/14
 28756 | D:14     | Reached skill level 18 in Axes
 28756 | D:14     | Reached skill level 10 in Armour
 29659 | D:14     | Reached skill level 10 in Shields
 29882 | D:15     | Entered Level 15 of the Dungeon
 30020 | D:15     | Noticed a cyan very ugly thing
 30032 | D:15     | Killed a cyan very ugly thing
 30880 | D:15     | Paralysed by a great orb of eyes for 3 turns
 31654 | D:15     | Found a staircase to the Depths.
 31862 | Lair:1   | Entered Level 1 of the Lair of Beasts
 32070 | Lair:1   | Noticed Harold
 32084 | Lair:1   | Killed Harold
 32277 | Lair:1   | Received a gift from Trog
 33047 | Lair:2   | Reached XP level 15. HP: 113/148 MP: 15/15
 33344 | Lair:2   | Reached skill level 19 in Axes
 33713 | Lair:2   | Noticed Gastronok
 33728 | Lair:2   | Killed Gastronok
 33889 | Lair:2   | Found a staircase to the Swamp.
 34187 | Lair:3   | Found a hole to the Spider Nest.
 35563 | Lair:4   | You fall into a shaft and drop 1 floor!
 36497 | Lair:5   | Found a runed translucent door.
 36497 | Lair:5   | Found a viscous altar of Jiyva.
 36498 | Lair:5   | Found a staircase to the Slime Pits.
 37294 | Lair:4   | Received a gift from Trog
 37780 | Lair:6   | Entered Level 6 of the Lair of Beasts
 38147 | Lair:6   | Found the -2 hat of the Alchemist {rElec rPois rF+ rC+ rN+
                  | Will+ rMut rCorr}
 38764 | Lair:6   | Gained mutation: You are dopey. (Int -2) [potion of
                  | mutation]
 38765 | Lair:6   | Lost mutation: You are dopey. (Int -2) [potion of mutation]
 38765 | Lair:6   | Gained mutation: You have sharp toenails. [potion of
                  | mutation]
 38852 | Lair:6   | Reached XP level 16. HP: 133/159 MP: 16/16
 38911 | Lair:6   | Received a gift from Trog
 39563 | Lair:6   | Reached skill level 20 in Axes
 40048 | Lair:6   | Identified the +7 chain mail of the Untouchables {Int+5}
 40506 | Orc:1    | Entered Level 1 of the Orcish Mines
 40531 | Orc:1    | Found a roughly hewn altar of Beogh.
 40768 | Orc:2    | Entered Level 2 of the Orcish Mines
 40768 | Orc:2    | Found Zodghiybb's Weapon Emporium.
 40852 | Orc:2    | Received a gift from Trog
 41706 | Orc:2    | Found a staircase to the Elven Halls.
 42054 | Orc:2    | Found Jawilos's Antique Armour Emporium.
 42054 | Orc:2    | Found Dyusmemn's Book Shoppe.
 42055 | Orc:2    | Found Radgh's General Store.
 42059 | Orc:2    | Found Xucsent's Book Emporium.
 42102 | Orc:2    | Bought a scroll of teleportation for 42 gold pieces
 42102 | Orc:2    | Bought a potion of heal wounds for 70 gold pieces
 42102 | Orc:2    | Bought a potion of mutation for 112 gold pieces
 42256 | Orc:2    | Lost mutation: You have sharp toenails. [potion of
                  | mutation]
 42256 | Orc:2    | Gained mutation: Your system is resistant to poisons.
                  | (rPois) [potion of mutation]
 42256 | Orc:2    | Gained mutation: You do not regenerate when monsters are
                  | visible. [potion of mutation]
 42256 | Orc:2    | Gained mutation: You are resistant to electric shocks.
                  | (rElec) [potion of mutation]
 42257 | Orc:2    | Lost mutation: Your system is resistant to poisons. (rPois)
                  | [potion of mutation]
 42257 | Orc:2    | Lost mutation: You are resistant to electric shocks.
                  | (rElec) [potion of mutation]
 42257 | Orc:2    | Lost mutation: You do not regenerate when monsters are
                  | visible. [potion of mutation]
 42257 | Orc:2    | Gained mutation: Your muscles are strong. (Str +2) [potion
                  | of mutation]
 42257 | Orc:2    | Gained mutation: Your flesh is heat resistant. (rF+)
                  | [potion of mutation]
 42257 | Orc:2    | Gained mutation: Your spells are a little harder to cast,
                  | but a little more powerful. [potion of mutation]
 42298 | Elf:1    | Entered Level 1 of the Elven Halls
 42305 | Elf:1    | Received a gift from Trog
 45654 | Swamp:1  | Entered Level 1 of the Swamp
 46607 | Swamp:1  | Reached skill level 10 in Evocations
 47242 | Swamp:1  | Reached XP level 17. HP: 168/168 MP: 17/17
 48121 | Swamp:1  | Reached skill level 21 in Axes
 48199 | Swamp:1  | Identified the +12 spear "Moidiyph" {speed, rC+ Str+5}
 48238 | Swamp:2  | Noticed Frances
 49188 | Swamp:2  | Killed Frances
 49281 | Swamp:2  | Noticed a tentacled monstrosity
 49507 | Swamp:2  | Killed a tentacled monstrosity
 49507 | Swamp:2  | Received a gift from Trog
 50674 | Swamp:2  | Noticed Louise
 50683 | Swamp:2  | Killed Louise
 51177 | Swamp:2  | Received a gift from Trog
 51187 | Swamp:2  | Reached skill level 15 in Shields
 53235 | Swamp:3  | Found a runed translucent door.
 53235 | Swamp:3  | Noticed cbfl8's ghost (adept MiBe)
 53903 | Swamp:3  | Killed cbfl8's ghost
 54024 | Spider:1 | Entered Level 1 of the Spider Nest
 54210 | Spider:1 | Reached XP level 18. HP: 167/180 MP: 18/18
 56999 | Spider:1 | Received a gift from Trog
 57800 | Spider:1 | You fall into a shaft and drop 1 floor!
 58244 | Spider:2 | Identified the +0 spear of the Gnat {vorpal, rElec rF+
                  | Str+4}
 58342 | Spider:2 | Reached skill level 22 in Axes
 58951 | Spider:4 | Entered Level 4 of the Spider Nest
 59993 | Spider:3 | Noticed Arachne
 60011 | Spider:3 | Received a gift from Trog
 60665 | Spider:3 | Reached XP level 19. HP: 189/189 MP: 19/19
 60679 | Spider:3 | Killed Arachne
 60680 | Spider:3 | Reached skill level 10 in Stealth
 62254 | Spider:4 | Noticed Mara
 62491 | Spider:4 | Killed Mara
 62669 | Spider:4 | Acquired 498 gold pieces
 62845 | Spider:4 | Noticed Donald
 62865 | Spider:4 | Killed Donald
 64039 | Spider:4 | Reached skill level 10 in Dodging
 65362 | Spider:4 | Got a gossamer rune of Zot
 65602 | Swamp:4  | Entered Level 4 of the Swamp
 65713 | Swamp:4  | Noticed Aizul
 65720 | Swamp:4  | Noticed Roxanne
 65733 | Swamp:4  | Killed Aizul
 66122 | Swamp:4  | Noticed a tentacled monstrosity
 66140 | Swamp:4  | Killed a tentacled monstrosity
 67291 | Swamp:4  | Killed Roxanne
 67466 | Swamp:4  | Reached XP level 20. HP: 193/200 MP: 20/20
 67936 | Swamp:4  | Got a decaying rune of Zot
 68449 | Elf:1    | Reached skill level 23 in Axes
 68582 | Elf:1    | Found Noleb's Antique Armour Emporium.
 68957 | Elf:1    | You fall into a shaft and drop 1 floor!
 69021 | Elf:2    | Received a gift from Trog
 69021 | Elf:2    | Found the +14 obsidian axe {vorpal, Mesm Drain Fly SInv}
 69100 | Elf:1    | Found a shimmering blue altar of Sif Muna.
 69646 | Elf:2    | Paralysed by an air elemental for 1 turns
 69652 | Elf:2    | Paralysed by an air elemental for 1 turns
 70135 | Elf:2    | Found a runed translucent gate.
 70135 | Elf:2    | Found a runed translucent gate.
 70135 | Elf:2    | Found a runed translucent gate.
 70903 | Elf:3    | Entered Level 3 of the Elven Halls
 70917 | Elf:3    | Paralysed by an air elemental for 1 turns
 70925 | Elf:2    | Reached ****** piety under Trog
 71759 | Elf:3    | Found Vodoq's Magic Scroll Shoppe.
 72263 | Elf:3    | Paralysed by an air elemental for 1 turns
 72404 | Elf:3    | Bought a scroll of blinking for 120 gold pieces
 72404 | Elf:3    | Bought a scroll of teleportation for 48 gold pieces
 72404 | Elf:3    | Bought a scroll of teleportation for 48 gold pieces
 72752 | Elf:3    | Received a gift from Trog
 72763 | Elf:3    | Identified the +10 demon trident "Bikos" {elec, Will++
                  | Str-3}
 72973 | Elf:3    | Identified the ring "Nada" {rElec Will+ Str+6}
 72993 | Elf:3    | Identified the +6 short sword "Ogrebane" {speed, Dex+7}
 73009 | Elf:3    | Reached XP level 21. HP: 201/209 MP: 7/21
 73219 | Elf:3    | Identified the +0 fire dragon scales of Skepticism {rF++
                  | rC- rN+ Str+6}
 73469 | Elf:3    | Identified the +0 robe of Intercession {Drain rElec rCorr
                  | Archmagi}
 73826 | Elf:3    | Found Vodoq's Magic Scroll Shoppe.
 74362 | Vaults:1 | Entered Level 1 of the Vaults
 75751 | Vaults:1 | Received a gift from Trog
 75983 | Vaults:1 | Found a portal to a secret trove of treasure.
 76778 | Elf:3    | Bought a scroll of enchant weapon for 120 gold pieces
 77092 | Vaults:1 | You paid a toll of a +10 demon trident to enter a treasure
                  | trove
 77093 | Trove    | Entered a treasure trove
 77106 | Trove    | Identified the +3 helmet of the Nexus {rN+ Dex+3}
 77107 | Trove    | Identified the +1 pair of boots of Izaaxos {rC+ Will+
                  | rCorr}
 77108 | Trove    | Identified the +4 helmet of Fun and Games {rElec rC+ Will+}
 77109 | Trove    | Identified the +1 robe "Ekhleubbi" {Stlth+}
 77118 | Trove    | Identified the +1 pair of gloves "Sidyt" {rN+ Int+4}
 77119 | Trove    | Identified the -3 hat of Fortification {rC+ rCorr}
 77121 | Trove    | Identified the +6 scale mail "Ycaapena" {rN++}
 77815 | Vaults:2 | Found a roughly hewn altar of Beogh.
 78194 | Vaults:2 | Reached skill level 24 in Axes
 78279 | Vaults:2 | Noticed Sojobo
 78284 | Vaults:2 | Paralysed by an air elemental for 1 turns
 78286 | Vaults:2 | Paralysed by an air elemental for 1 turns
 78307 | Vaults:2 | Paralysed by an air elemental for 1 turns
 78309 | Vaults:2 | Paralysed by an air elemental for 1 turns
 79023 | Vaults:2 | Received a gift from Trog
 79051 | Vaults:2 | Killed Sojobo
 79976 | Vaults:2 | Found a staircase to the Crypt.
 80358 | Vaults:3 | Reached XP level 22. HP: 220/220 MP: 22/22
 80547 | Vaults:3 | Noticed Nikola
 80568 | Vaults:3 | Killed Nikola
 80730 | Vaults:3 | Noticed Jory
 80756 | Vaults:3 | Killed Jory
 80756 | Vaults:3 | Received a gift from Trog
 80928 | Vaults:3 | Noticed Margery
 80941 | Vaults:3 | Killed Margery
 81796 | Vaults:4 | Received a gift from Trog
 81931 | Vaults:4 | Found a magical portal.
 81938 | WizLab   | Entered Doroklohe's Tomb
 83361 | Vaults:4 | Identified the ring of Gaett {rF+ rCorr}
 84410 | Vaults:5 | Entered Level 5 of the Vaults
 84425 | Vaults:4 | Received a gift from Trog
 84807 | Vaults:4 | Reached XP level 23. HP: 209/229 MP: 23/23
 85193 | Vaults:5 | Noticed a golden dragon
 85199 | Vaults:5 | Noticed a golden dragon
 85226 | Vaults:5 | Reached skill level 25 in Axes
 85260 | Vaults:5 | HP: 11/228 [sphinx/divine providence (11)]
 85260 | Vaults:5 | Slain by a tengu reaver

Illustrated notes

Levels and vault maps discovered:
D:1:      lemuel_arrival_funnel, layout_loops_ring, serial_bayou_pond_c
D:2:      layout_basic, serial_curves, eino_curves_03, eino_curves_04
D:3:      corexii_shack_village, layout_basic,
          nicolae_ecumenical_snake_handling, uniq_pargi, uniq_ijyb, uniq_robin,
          uniq_jessica
D:4:      layout_rooms, nicolae_overflow_crystal_walls,
          nicolae_qazlal_general_emergency, grunt_gozag_breadcrumbs,
          kennysheep_mini_moat, corexii_hall_statues_deadend
D:5:      layout_rooms, tgw_sif, temple_statues, minmay_misc_feat_cross,
          grunt_ministairs_2, uniq_eustachio
D:6:      layout_loops_ring, mainiacjoe_overflow_chevrons, uniq_edmund,
          uniq_crazy_yiuf_cottage
D:7:      layout_loops_cross, good_gods_temple_1, enter_bailey_2,
          minmay_statues_item, kennysheep_flooded_box, uniq_duvessa
D:8:      layout_basic, erik_lair_island, special_room [special_room_orc],
          minmay_misc_feat_secret_circle, hangedman_decor_slide_cut
D:9:      layout_stronghold, gammafunk_temple_overflow_claw,
          minmay_misc_feat_nine_boxes
D:10:     nzn_winding_woodlands_medium [nzn_winding_woodlands_5x5_three,
          nzn_winding_woodlands_5x15_eye,
          nzn_winding_woodlands_5x5_checkerboard,
          nzn_winding_woodlands_5x5_open_star,
          nzn_winding_woodlands_center_triple_pond,
          nzn_winding_woodlands_hourglass, nzn_winding_woodlands_5x5_cross,
          nzn_winding_woodlands_5x15_lazy_stream,
          nzn_winding_woodlands_5x5_closed_star], layout_basic, uniq_grum,
          uniq_urug
D:11:     layout_cave_pools, david_orc_2, uniq_sonja
D:12:     layout_roguey
D:13:     layout_roguey, erik_vaults_1, portal_ice_cave_entry_pillars_1,
          special_room [special_room_orc], gauntlet_entry_generic
D:14:     layout_basic, serial_corexii_hall, chequers_hall_statues_wall_a,
          chequers_hall_statues_wall_a, minivault_11
D:15:     gammafunk_enter_depths_forms, layout_basic, hangedman_decor_push
Lair:1:   layout_regular_city, st_stairs_11, uniq_harold
Lair:2:   layout_roguey [special_room_bee], minmay_swamp_entry_worms,
          nicolae_quartered_pool_medium, grunt_megastairs_5, uniq_gastronok
Lair:3:   layout_big_grid, spider_nest_entry_rubble
Lair:4:   layout_loops_ring, grunt_megastairs_1
Lair:5:   layout_small_grid, slime_altar_2, grunt_forest_large_clearings
Lair:6:   minmay_lair_end_frog_pond, layout_gridlike, minivault_24,
          serial_bayou_pond_d, chequers_serial_rivers_large_b, st_stairs_5,
          serial_bayou_pond_e
Swamp:1:  layout_falls_marsh, evilmike_swamp_ruin_house_1,
          infiniplex_staircase_pool_2
Swamp:2:  nicolae_swamp_flooded_prison, layout_falls_marsh, hangedman_swamp_pad,
          swamp_pool4, nicolae_swamp_fairy_circle, hangedman_swamp_dais,
          uniq_frances, uniq_louise
Swamp:3:  layout_falls_marsh, hellmonk_ghost_happy_afterlife,
          infiniplex_staircase_pool, swamp_pool4
Swamp:4:  swamp_alternative, layout_basic_swamp, swamp_pool4, worms_lemuel,
          uniq_roxanne, uniq_aizul
Spider:1: layout_spider_delve, drop_trap, nicolae_spider_nook
Spider:2: layout_cave_pods, special_room
Spider:3: nicolae_spider_hilbert_zone_2 [nicolae_spider_hilbert_4_sides_1_open,
          nicolae_spider_hilbert_4_sides_1_open,
          nicolae_spider_hilbert_4_sides_1_open,
          nicolae_spider_hilbert_4_sides_1_open,
          nicolae_spider_hilbert_6_sides_1_open,
          nicolae_spider_hilbert_6_sides_1_open,
          nicolae_spider_hilbert_3_sides_1_open,
          nicolae_spider_hilbert_3_sides_1_open,
          nicolae_spider_hilbert_3_sides_1_open,
          nicolae_spider_hilbert_3_sides_1_open,
          nicolae_spider_hilbert_6_sides_1_open,
          nicolae_spider_hilbert_6_sides_1_open,
          nicolae_spider_hilbert_6_sides_1_open,
          nicolae_spider_hilbert_6_sides_1_open], nicolae_arachne_temple
Spider:4: spider_rune_water, hangedman_spider_tarantella_strand, uniq_donald,
          uniq_mara, uniq_arachne
Orc:1:    layout_caves, david_defended_altar_orc
Orc:2:    st_orc_mages, layout_caves, serial_shops, nicolae_shop_statue_plus
Elf:1:    eino_elf_arrival_sip, layout_rooms, serial_shops, shop, basic_altar,
          minivault_28, item_on_display_a, grunt_megastairs_2
Elf:2:    nicolae_elf_blades_crystal_corner, layout_gridlike, st_stairs_9,
          abandoned_shop, minmay_curled_crystal, hangedman_elf_targetted_burst,
          uniq_jorgrun
Elf:3:    elf_hall, layout_onion_city, serial_shops, nicolae_shop_waterfront
Vaults:1: nicolae_vaults_network_square, vaults_room_semicircle,
          grunt_vaults_swirl, vaults_dpeg_cross, nicolae_vaults_asterisk,
          v_misc_27, layout_vaults_quadrants, nicolae_trove_entry_crystal
Vaults:2: vaults_room_stairs_pillars, v_misc_3, nicolae_vaults_ninety_degrees,
          v_misc_5, vaults_dpeg_encased_lava, ontoclasm_vaults_ring_square,
          ontoclasm_vaults_twist, minmay_crypt_entry_simple_walls,
          nicolae_vaults_shelves_hall, vaults_room_fancy_cross,
          nicolae_vaults_mini_display_case, nicolae_vaults_border_crossing,
          special_room_vaults [special_room_orc], vaults_dpeg_doors,
          layout_vaults_omnicross, uniq_sojobo
Vaults:3: v_rooms_3, v_misc_5, nicolae_vaults_circle_grid_b,
          nicolae_vaults_shelves_hall, grunt_vaults_twisty, vaults_mumra_lcd,
          ontoclasm_vaults_loading_screen, vaults_room_guarded_vault,
          nicolae_vaults_alarming, dpeg_vaults_monster_box,
          hangedman_vaults_river_flow, layout_vaults_big_room, uniq_margery,
          uniq_nikola, uniq_jory
Vaults:4: mu_enter_wizlab_2, nicolae_vaults_shelves_hall,
          nicolae_vaults_shelves_hall, vaults_mumra_minichess,
          nicolae_vaults_back_hallway, hangedman_vaults_trim, v_rooms_4,
          ontoclasm_vaults_idyll, v_pattern_1, grunt_vaults_bifocal,
          nicolae_vaults_three_branches, st_lines, dpeg_vaults_monster_row,
          nicolae_vaults_angled_halls, layout_vaults_omnibox
Vaults:5: serial_shops

Skill      XL: |  1  2  3  4  5  6  7  8  9 10 11 12 13 14 15 16 17 18 19 20 21 22 23 |
---------------+----------------------------------------------------------------------+-----
Fighting       | 4 5 6 7 9 11 13 16 17 18 19 20 21 22 23 24 | 24.2
Dodging        | 2 3 4 5 6 7 8 9 10 11 | 11.8
Evocations     | 1 2 3 4 5 6 7 8 9 10 11 12 13 | 13.6
Axes           | 5 6 7 9 12 13 15 16 17 18 19 20 21 22 23 24 25 | 25.0
Armour         | 3 4 5 6 7 8 9 10 11 12 13 | 13.7
Stealth        | 1 2 3 4 5 6 7 8 9 10 11 12 | 12.2
Shields        | 3 5 7 9 10 13 14 15 16 18 19 20 21 | 21.9

Action                   |  1- 3 |  4- 6 |  7- 9 | 10-12 | 13-15 | 16-18 | 19-21 | 22-24 || total
-------------------------+-------+-------+-------+-------+-------+-------+-------+-------++-------
Melee: Hand axe          |   138 |   166 |    62 |       |    29 |       |       |       ||   395
       Punch             |     1 |     2 |     6 |    13 |     7 |       |       |       ||    29
       War axe           |       |       |   177 |   530 |   110 |       |   821 |       ||  1638
       Broad axe         |       |       |       |    43 |  1043 |  1376 |   992 |   596 ||  4050
       Kick              |       |       |       |       |     2 |    89 |       |       ||    91
Invok: Berserk           |     1 |     4 |    11 |    16 |    28 |    30 |    22 |     6 ||   118
       Trog's Hand       |       |       |       |     1 |     2 |     1 |     2 |       ||     6
       Brothers in Arms  |       |       |       |       |       |     2 |       |       ||     2
 Abil: Evoke Blink       |       |       |       |     1 |       |       |       |       ||     1
Evoke: Wand              |       |       |     6 |     7 |     5 |    15 |    11 |       ||    44
       Phantom mirror    |       |       |       |       |       |       |       |     1 ||     1
  Use: Scroll            |     3 |     3 |     1 |    16 |    14 |    21 |    17 |     9 ||    84
       Potion            |       |       |     1 |     3 |     4 |    15 |     3 |     7 ||    33
 Stab: Sleeping          |       |       |       |       |     9 |     7 |    20 |     4 ||    40
       Distracted        |       |       |       |       |     2 |     5 |     5 |       ||    12
       Confused          |       |       |       |       |     1 |       |       |       ||     1
       Paralysed         |       |       |       |       |       |     4 |       |       ||     4
Armor: Animal skin       |     6 |       |       |       |       |       |       |       ||     6
       Leather armour    |    20 |       |       |       |       |       |       |       ||    20
       Scale mail        |       |    86 |    61 |       |       |       |       |       ||   147
       Chain mail        |       |       |    11 |   241 |   407 |   507 |   459 |   147 ||  1772
       Ice dragon scales |       |       |       |       |    21 |       |       |       ||    21
Dodge: Dodged            |    92 |   102 |   121 |   279 |   587 |   591 |   500 |   183 ||  2455
Block: Buckler           |       |       |       |       |   318 |   263 |       |       ||   581
       Tower shield      |       |       |       |       |       |   905 |  2256 |   818 ||  3979
       Reflection        |       |       |       |       |       |     3 |   104 |     7 ||   114
